 Dungeon Crawl Stone Soup version 0.28-a0-60-g54b5640690 (webtiles) character file.

Game seed: 11810256391824697646

31 Demosthentine the Poker (level 3, -3/28 HPs)
             Began as a Merfolk Gladiator on July 30, 2021.
             Slain by Robin (8 damage)
             ... on level 2 of the Dungeon.
             The game lasted 00:01:03 (1376 turns).

Demosthentine the Poker (Merfolk Gladiator)         Turns: 1376, Time: 00:01:03

Health: -3/28      AC:  4    Str: 15    XL:     3   Next: 22%
Magic:  3/3        EV: 13    Int:  7    God:
Gold:   90         SH:  0    Dex: 15    Spells: 2/2 levels left

rFire   . . .      SeeInvis .   a - +0 trident
rCold   . . .      Faith    .   (no shield)
rNeg    . . .      Spirit   .   b - +0 leather armour
rPois   .          Reflect  .   g - +1 hat
rElec   .          Harm     .   (no cloak)
rCorr   .          Rampage  .   (no gloves)
Will    .....                   (no boots)
Stlth   +.........              (no amulet)
HPRegen 0.09/turn               (no ring)
MPRegen 0.08/turn               (no ring)

@: no status effects
A: (nimble swimmer 2), mertail
a: no special abilities


You were on level 2 of the Dungeon.
You visited 1 branch of the dungeon, and saw 2 of its levels.

You collected 90 gold pieces.

Inventory:

Hand Weapons
 a - a +0 trident (weapon)
Missiles
 d - 3 throwing nets (quivered)
Armour
 b - a +0 leather armour (worn)
 g - a +1 hat (worn)
Scrolls
 c - a scroll of enchant weapon {unknown}
Potions
 f - a potion of curing {unknown}


   Skills:
 + Level 2.7 Fighting
 + Level 4.8 Polearms
 - Level 2.0 Throwing
 + Level 0.8 Armour
 + Level 4.4 Dodging


You had 2 spell levels left.
You didn't know any spells.
Your spell library was empty.

Dungeon Overview and Level Annotations

Branches:
Dungeon (2/15)

Altars:
Uskayaw

Annotations:
D:2 Robin


Innate Abilities, Weirdness & Mutations

((You are quick and stealthy near water. (Stealth+, EV+, Speed+++)))
Your lower body shifts to a powerful aquatic tail in water.


Message History

You hit the hobgoblin.
You kill the hobgoblin!
The goblin hits you but does no damage. Something throws the goblin at you!
The goblin closely misses you.
You hit the goblin but do no damage.
The goblin no longer looks unusually strong.
The goblin closely misses you.
You hit the goblin.
You kill the goblin!
You miss the goblin. The goblin hits you but does no damage.
You hit the goblin.
The goblin is severely wounded.
The goblin hits you with a +0 club.
You hit the goblin.
You kill the goblin!
You hit the hobgoblin.
The hobgoblin is heavily wounded.
The hobgoblin closely misses you.
The goblins go into a battle-frenzy!
You hit the hobgoblin.
You kill the hobgoblin!
The goblin completely misses you.
You closely miss the goblin. The goblin closely misses you.
You hit the goblin.
The goblin is severely wounded.
The goblin closely misses you.
You hit the goblin but do no damage.
The goblin is severely wounded.
Something throws the goblin at you! The goblin hits you with a +0 dagger.
* * * LOW HITPOINT WARNING * * *
You barely miss the goblin.
The goblin is severely wounded.
The goblin closely misses you.
Unknown command.
You hit the goblin.
You kill the goblin!
Something hits you.
* * * LOW HITPOINT WARNING * * *
Something hits you!
You die...

#####........
######.....#######
#...##.[...###.... ......
#.#..............# ......
#.#..............# ...g..#
#................# .......
#......##......... .......
#.)............... .......
#@#...............
##.....###)#..........#+#'#
.......g†..................
......)###..........#.#.#.#
...#### ####......##.#.#.#
. #...^..##...#.#
#########...#.# #...#.#
#...#.#


There were no monsters in sight!

Vanquished Creatures
  5 ball pythons
  2 endoplasms
  A giant cockroach (D:1)
  4 hobgoblins
  3 bats (D:1)
  2 frilled lizards
  10 goblins
  A kobold (D:1)
  A rat (D:1)
29 creatures vanquished.

Notes
Turn   | Place    | Note
-------+----------+-------------------------------------------
     0 | D:1      | Demosthentine the Merfolk Gladiator began the quest for the
                  | Orb.
     0 | D:1      | Reached XP level 1. HP: 16/16 MP: 1/1
   454 | D:1      | Reached XP level 2. HP: 23/23 MP: 2/2
  1281 | D:2      | Found a hide-covered altar of Uskayaw.
  1345 | D:2      | Noticed Robin
  1356 | D:2      | Reached XP level 3. HP: 14/28 MP: 3/3
  1376 | D:2      | Slain by Robin

Illustrated notes

Levels and vault maps discovered:
D:1:      dpeg_arrival_rooms_a, layout_loops_corners
D:2:      layout_basic, basic_altar, minmay_misc_feat_ornament, uniq_sigmund,
          uniq_terence, uniq_robin

Action                   || total
-------------------------++-------
Melee: Trident           ||    79
  Use: Scroll            ||     1
 Stab: Sleeping          ||     1
Armor: Leather armour    ||    18
Dodge: Dodged            ||    35

Table legend: (Time is in decaauts)
 A = Elapsed time spent in this place.
 B = Non-inter-level travel time spent in this place.
 C = Inter-level travel time spent in this place.
 D = Time resting spent in this place.
 E = Time spent auto-exploring this place.
 F = Levels seen in this place.
 G = Mean time per level.
                   A        B        C        D        E       F      G
               +--------+--------+--------+--------+--------+-----+--------+
         Total |   1381 |   1340 |     41 |      0 |   1184 |   2 |  690.5 |
       Dungeon |   1381 |   1340 |     41 |      0 |   1184 |   2 |  690.5 |
               +--------+--------+--------+--------+--------+-----+--------+

Top non-repeatable levels by time:
     D:1: 1110 daAuts
     D:2: 270 daAuts
